cohdb
Replays
Latest Replays
All Replays
Popular Replays
Top Player Replays
Match Explorer
How It Works
Community
CoH3 Stats
Reddit
Sign in to upload your games and track your stats! →
Sign in with Steam
Match 45704659
Unlisted
Match 45704659
Overview
Messages
Build Orders
End
Construct Infanterie Kompanie
Grenadier Squad
Grenadier Squad
MG 42 Machine Gun Team
Grenadier Squad
Construct Luftwaffe Kompanie
Jäger Squad
Flak 30 Anti-aircraft Gun Team
Support Elements
Medical Station
Wirbelwind Flakpanzer
Wirbelwind Flakpanzer
カルト_くん
P3prime
Silverstatic
De_znutz
0
0
Comments
sign in to comment!
No comments posted yet!